 Dungeon Crawl Stone Soup version 0.21.0-3-g78d12a8 (webtiles) character file.

21 mopl the Poker (level 2, 0/33 HPs)
             Began as a Merfolk Skald on Jan 15, 2018.
             Succumbed to an adder's poison
             ... on level 2 of the Dungeon.
             The game lasted 00:01:12 (749 turns).

mopl the Poker (Merfolk Skald)                       Turns: 749, Time: 00:01:12

Health: 0/33       AC: 21    Str: 11    XL:     2   Next: 87%
Magic:  1/5        EV:  2    Int: 12    God:
Gold:   42         SH:  0    Dex: 13    Spells: 0/5 levels left

rFire    . . .     SeeInvis .   a - +0 spear
rCold    . . .     Gourm    .   (no shield)
rNeg     + + +     Faith    .   (armour currently unavailable)
rPois    +         Spirit   .   (helmet currently unavailable)
rElec    .         Reflect  .   (cloak currently unavailable)
rCorr    .         Harm     .   (gloves currently unavailable)
MR       .....     NoTele   +   (boots currently unavailable)
Stlth    +.........             (no amulet)
HPRegen  0.11/turn              (no ring)
MPRegen  0.09/turn              (no ring)

@: lethally poisoned (0 -> -7), tree-form, infused
A: (change form in water), (swift swim), (stealthy swim)
a: no special abilities


You were on level 2 of the Dungeon.
You were not hungry.
You were a tree.
You visited 1 branch of the dungeon, and saw 2 of its levels.

You collected 42 gold pieces.

Inventory:

Hand Weapons
 a - a +0 spear (weapon)
Missiles
 m - 5 tomahawks of dispersal (quivered)
Armour
 b - a +0 leather armour (melded)
 e - a +0 ring mail
 g - a +0 helmet (melded)
 j - a +0 pair of gloves (melded)
Scrolls
 f - a scroll of enchant armour {unknown}
 h - 2 scrolls of teleportation {unknown}
 i - a scroll of remove curse {unknown}
 k - 2 scrolls of magic mapping {unknown}
 l - 2 scrolls of identify {unknown}
Potions
 o - a potion of might {unknown}
Books
 c - a book of Battle

   Spells                             Type                      Level
   a - Infusion                       Charms                       1
   b - Shroud of Golubria             Charms/Translocation         2
   c - Song of Slaying                Charms                       2
   d - Spectral Weapon                Hexes/Charms                 3
   e - Regeneration                   Charms/Necromancy            3
Comestibles
 d - 3 rations
 p - a chunk of flesh


   Skills:
 - Level 2.1 Fighting
 * Level 4.1 Polearms
 - Level 0.6 Armour
 - Level 2.6 Dodging
 + Level 2.2 Spellcasting
 + Level 3.5 Charms


You couldn't memorise any spells.
You knew the following spells:

 Your Spells              Type           Power        Failure   Level  Hunger
a - Infusion              Chrm           #...         6%          1    ##.....
b - Song of Slaying       Chrm           #.......     9%          2    ###....
f - Shroud of Golubria    Chrm/Tloc      #.........   19%         2    ###....


Dungeon Overview and Level Annotations

Branches:
Dungeon (2/15)

Altars:


Message History

You are more poisoned.
The adder poisons you!
You are too injured to fight recklessly!
You are too injured to fight recklessly!
You are too injured to fight recklessly!
You hit the adder.
The adder is almost dead.
You feel sick. The adder bites you.
* * * LOW HITPOINT WARNING * * *
You hit the adder.
You kill the adder!
Your Polearms skill increases to level 4!
The leopard gecko bites you.
* * * LOW HITPOINT WARNING * * *
It was a potion of lignification.
You turn into a tree.
Your +0 helmet melds into your body.
Your +0 pair of gloves melds into your body.
Your +0 leather armour melds into your body.
Your roots penetrate the ground.
You die...

# ..###.
......###
........# #♣#
###l### #..l..#
#...<.#
..............#
##.#.....####.#
#.#.....# #
###.### #.#


You could see 2 leopard geckos.

Vanquished Creatures
  An adder (D:2)
  A dart slug (D:1)
  A leopard gecko (D:1)
  A giant cockroach (D:1)
  A goblin (D:1)
  A hobgoblin (D:1)
  2 bats (D:1)
  A kobold (D:1)
  2 rats (D:1)
11 creatures vanquished.

Notes
Turn   | Place    | Note
-------+----------+-------------------------------------------
     0 | D:1      | mopl the Merfolk Skald began the quest for the Orb.
     0 | D:1      | Reached XP level 1. HP: 16/16 MP: 3/3
   279 | D:1      | Reached XP level 2. HP: 19/22 MP: 5/5
   296 | D:1      | Learned a level 2 spell: Song of Slaying
   299 | D:1      | Learned a level 2 spell: Shroud of Golubria
   748 | D:2      | Reached skill level 4 in Polearms
   748 | D:2      | HP: 1/22 [leopard gecko (5)]
   749 | D:2      | Succumbed to an adder's poison

Skill      XL: |  1  2 |
---------------+-------+-----
Polearms       | 4 |  4.1
Fighting       | |  2.1
Armour         | |  0.6
Dodging        | |  2.6
Spellcasting   | |  2.2
Charms         | |  3.5

Action                   || total
-------------------------++-------
Melee: Spear             ||    36
 Cast: Infusion          ||     1
  Use: Potion            ||     1
 Stab: Sleeping          ||     1
Armor: Leather armour    ||     8
Dodge: Dodged            ||    18
